Map: Ley Lines

Players

猫咪 - Winner!

  • Race: Terran Terran
  • League: Grandmaster
  • Spawn Location: 7:00

Nailong

  • Race: Zerg Zerg
  • League: Diamond
  • Spawn Location: 1:00

VOD

Have the link to the VOD?

Description

Time

  • Played on: Jan. 18, 2025, 10:34 p.m.
  • Length: 11:21
Show
View Real Time Build Order
Export as new Build Order

猫咪 Terran - Winner!

Build Orders: Reaper Expand, Hellion Banshee 

Get SALT Encoding   

  12  0:01  SCV  
  13  0:13  SCV  
  14  0:18  Supply Depot  
  14  0:25  SCV  
  15  0:39  SCV  
  15  0:41  Barracks  
  16  0:46  Refinery  
  16  0:51  SCV  
  17  1:03  SCV  
  18  1:15  SCV  
  19  1:28  Orbital Command  
  19  1:29  Reaper  
  20  1:39  Command Center  
  20  1:47  Supply Depot  
  20  1:54  SCV  
  21  2:01  Marine  
  21  2:07  SCV  
  23  2:11  Factory  
  23  2:19  SCV  
  25  2:27  Barracks Reactor  
  24  2:31  SCV  
  25  2:39  Command Center  
  25  2:43  SCV  
  26  2:52  Orbital Command  
  26  2:56  SCV  
  27  3:02  Refinery  
  27  3:03  Starport  
  27  3:08  SCV  
  28  3:14  Hellion x2  
  28  3:15  Barracks Tech Lab  
  32  3:20  SCV  
  32  3:21  SCV  
  34  3:32  SCV  
  35  3:35  Hellion x2, SCV  
  40  3:44  SCV  
  40  3:47  Banshee  
  40  3:48  Marine  
  45  3:49  SCV  
  45  3:52  Orbital Command  
  46  3:58  SCV  
  46  4:00  Cloaking Field  
  46  4:01  Hellion  
  51  4:03  Hellion  
  51  4:05  SCV  
  51  4:06  Barracks Tech Lab  
  52  4:10  SCV  
  52  4:16  Supply Depot  
  53  4:17  SCV  
  53  4:18  SCV  
  56  4:24  SCV  
  56  4:29  SCV  
  56  4:30  Banshee  
  56  4:31  SCV  
  61  4:38  Supply Depot, SCV  
  62  4:39  Barracks  
  62  4:40  Stimpack  
  62  4:43  Barracks  
  62  4:44  SCV  
  62  4:45  SCV  
  64  4:47  Factory Reactor  
  64  4:48  Refinery  
  64  4:49  Refinery  
  64  4:50  SCV  
  65  4:53  Marine  
  65  4:56  SCV  
  67  5:01  Supply Depot  
  67  5:02  SCV  
  67  5:03  Engineering Bay x2  
  67  5:06  SCV  
  69  5:08  Orbital Command  
  69  5:11  Marine, SCV  
  71  5:20  SCV  
  72  5:23  SCV  
  73  5:32  SCV  
  73  5:34  Starport Reactor  
  74  5:35  Siege Tank  
  74  5:36  Marine, Barracks  
  74  5:37  Barracks  
  74  5:38  SCV x2  
  74  5:41  Marine  
  74  5:42  Marine  
  82  5:44  Marine x2, SCV  
  82  5:45  Supply Depot  
  82  5:46  Supply Depot  
  82  5:49  Terran Infantry Armor Level 1, Terran Infantry Weapons Level 1  
  85  5:56  Supply Depot  
  85  6:06  Marine x4, SCV x3  
  85  6:08  Siege Tank  
  85  6:10  Supply Depot  
  95  6:13  Supply Depot  
  95  6:15  Marine  
  95  6:17  Medivac  
  98  6:18  SCV x3  
  98  6:19  Medivac  
  98  6:20  Combat Shield  
  98  6:24  Marine, Armory  
  104  6:25  Barracks Reactor  
  104  6:30  Marine x2, Barracks Reactor  
  104  6:31  SCV x3  
  109  6:33  Marine x2  
  111  6:40  Siege Tank, Supply Depot  
  111  6:42  Marine  
  111  6:43  SCV  
  111  6:45  Refinery  
  116  6:47  Marine  
  116  6:48  Refinery  
  116  6:50  Marine  
  116  6:51  Marine  
  116  6:54  SCV  
  120  6:55  Marine  
  120  6:56  Command Center  
  121  7:06  Marine x5  
  121  7:07  Marine  
  114  7:08  Marine  
  114  7:09  Marine, SCV x2  
  114  7:14  Medivac x2  
  114  7:15  Marine  
  123  7:17  SCV  
  123  7:18  Factory  
  124  7:24  Marine x6  
  124  7:26  Siege Tank  
  133  7:35  Supply Depot  
  133  7:36  Marine x2  
  133  7:37  Marine, Supply Depot  
  134  7:43  Marine  
  122  7:52  Marine  
  122  7:53  Marine x3  
  122  7:54  Marine x4  
  122  7:55  SCV x2  
  122  7:57  Terran Infantry Armor Level 2, Terran Infantry Weapons Level 2  
  122  7:59  SCV  
  122  8:01  Marine, Siege Tank  
  122  8:03  Factory Tech Lab  
  126  8:06  Medivac  
  126  8:07  SCV  
  126  8:10  Marine  
  126  8:11  Marine x2, Medivac  
  134  8:14  Marine x3  
  134  8:15  Marine x2  
  139  8:20  Marine, Supply Depot  
  139  8:27  Siege Tank  
  139  8:28  Marine  
  139  8:29  Marine x2  
  139  8:33  Siege Tank  
  142  8:36  Marine  
  141  8:41  Marine  
  141  8:43  Barracks x2  
  141  8:44  Barracks, Planetary Fortress  
  142  8:49  Marine  
  143  8:59  Siege Tank  
  143  9:00  Marine x2  
  148  9:04  Marine x3  
  148  9:05  Marine x3  
  148  9:06  Siege Tank, Medivac x2  
  148  9:07  Marine  
  148  9:09  SCV x2  
  164  9:15  Supply Depot x2  
  164  9:16  Supply Depot  
  164  9:18  Marine x2  
  164  9:23  Marine x3, Sensor Tower  
  169  9:28  Marine x2, Marauder  
  169  9:29  Marine  
  169  9:31  Siege Tank  
  180  9:36  Marine, Barracks Tech Lab x2  
  180  9:37  Marine  
  180  9:38  Supply Depot, Siege Tank  
  183  9:39  Barracks Tech Lab  
  182  9:50  Marauder  
  182  9:51  Marine x2  
  182  9:52  Marine x3  
  189  9:53  Marine x2  
  189  9:54  Marine  
  189  9:58  Marine  
  193  10:01  Command Center  
  193  10:03  Siege Tank  
  193  10:04  Marauder  
  198  10:11  Marauder  
  200  10:22  Sensor Tower  
  198  10:43  Marauder  
Show
View Real Time Build Order
Export as new Build Order

Nailong Zerg 

Build Orders: Hatch First 

Get SALT Encoding   

  12  0:02  Drone  
  13  0:12  Overlord  
  13  0:18  Drone  
  14  0:30  Drone  
  14  0:31  Drone  
  16  0:36  Drone  
  17  0:50  Hatchery  
  17  0:53  Drone  
  17  0:57  Drone  
  18  1:09  Extractor  
  17  1:11  Spawning Pool  
  17  1:14  Drone  
  17  1:18  Drone  
  18  1:29  Drone  
  19  1:39  Drone  
  20  1:50  Drone  
  21  2:02  Zergling x2, Queen x2  
  21  2:03  Zergling x2  
  27  2:12  Drone  
  27  2:14  Metabolic Boost  
  27  2:15  Overlord  
  28  2:28  Hatchery  
  27  2:31  Drone  
  27  2:34  Drone  
  29  2:39  Drone x2  
  31  2:48  Overlord  
  31  2:52  Queen  
  31  2:54  Drone  
  31  2:57  Drone  
  35  3:00  Drone  
  36  3:08  Overlord  
  36  3:13  Drone  
  37  3:21  Drone  
  37  3:22  Drone  
  39  3:28  Drone, Queen  
  39  3:29  Drone  
  42  3:36  Drone x3  
  42  3:41  Queen  
  45  3:45  Queen  
  49  3:49  Drone  
  49  3:50  Drone x3  
  53  3:57  Drone x2  
  53  4:00  Drone  
  56  4:03  Overlord x2, Drone  
  57  4:18  Overlord  
  57  4:21  Drone x3, Queen  
  57  4:22  Drone x3  
  65  4:25  Drone  
  65  4:26  Queen  
  69  4:31  Drone  
  69  4:34  Drone  
  69  4:35  Drone  
  71  4:40  Zergling x6  
  71  4:42  Lair  
  71  4:44  Drone x4  
  71  4:45  Drone  
  79  4:48  Hatchery  
  79  4:52  Drone  
  79  4:55  Spore Crawler  
  79  4:57  Spore Crawler  
  77  5:01  Drone x4  
  77  5:02  Spore Crawler  
  77  5:07  Zergling x2  
  81  5:09  Overlord x2  
  81  5:10  Overlord  
  81  5:14  Extractor  
  81  5:15  Extractor  
  81  5:18  Drone x2, Baneling Nest  
  81  5:19  Drone, Evolution Chamber  
  80  5:21  Evolution Chamber  
  80  5:23  Queen  
  80  5:26  Overlord  
  80  5:27  Overlord  
  81  5:30  Zergling x10  
  81  5:33  Extractor  
  81  5:34  Extractor  
  81  5:35  Drone, Zergling x2  
  86  5:43  Overlord  
  86  5:44  Overseer  
  86  5:50  Overlord  
  86  5:51  Overseer  
  86  5:53  Drone x7  
  86  5:55  Drone  
  94  6:00  Drone  
  94  6:01  Drone  
  95  6:06  Drone x2  
  95  6:11  Zerg Ground Armor Level 1  
  97  6:13  Drone x2  
  97  6:14  Drone  
  97  6:15  Drone x3, Queen  
  97  6:18  Zergling x2  
  106  6:23  Overlord  
  106  6:26  Drone x2  
  106  6:29  Zerg Melee Weapons Level 1, Centrifugal Hooks  
  106  6:31  Drone  
  106  6:32  Drone, Zergling x4  
  111  6:42  Baneling x4, Zergling x2  
  111  6:43  Zergling x12  
  118  6:49  Zergling x4  
  118  6:50  Zergling x10, Hatchery  
  124  7:06  Zergling x14  
  129  7:09  Zergling x4  
  129  7:10  Baneling x8  
  129  7:11  Baneling x5  
  129  7:14  Extractor  
  130  7:16  Drone x2, Spore Crawler  
  130  7:19  Zergling x6  
  130  7:22  Hatchery  
  133  7:24  Zergling x6  
  133  7:28  Drone x3  
  133  7:29  Drone  
  140  7:33  Drone x3  
  143  7:39  Drone  
  143  7:40  Overlord  
  143  7:41  Overlord  
  143  7:43  Overlord  
  144  7:45  Hatchery  
  123  7:56  Zergling x4  
  123  7:57  Zergling x12  
  113  7:58  Baneling x4  
  113  7:59  Baneling x3, Queen x2  
  113  8:01  Zergling x4  
  113  8:04  Zergling x8  
  121  8:08  Zergling x10  
  121  8:11  Queen  
  121  8:13  Zergling x6  
  121  8:18  Zergling x8  
  127  8:24  Zerg Melee Weapons Level 2, Zerg Ground Armor Level 2  
  123  8:28  Zergling x6  
  123  8:32  Zergling x2  
  127  8:36  Zergling x22  
  127  8:38  Hydralisk Den  
  127  8:40  Hatchery  
  136  8:45  Zergling x8  
  136  8:46  Baneling x16  
  140  8:52  Overseer  
  140  9:00  Drone x10, Queen  
  140  9:02  Zergling x6  
  154  9:12  Hydralisk x6, Muscular Augments  
  154  9:14  Spore Crawler  
  154  9:15  Zergling x6  
  168  9:17  Spore Crawler  
  168  9:18  Overlord  
  168  9:22  Overlord  
  167  9:25  Zergling x10  
  167  9:26  Overlord x2  
  167  9:28  Overlord  
  167  9:29  Extractor  
  167  9:30  Overlord  
  171  9:34  Overlord  
  171  9:36  Overlord  
  171  9:37  Zergling x2  
  171  9:38  Zergling x10  
  177  9:42  Hydralisk  
  177  9:43  Hydralisk, Infestation Pit  
  179  9:47  Overlord  
  179  9:49  Overlord  
  179  9:51  Baneling x13  
  179  9:54  Drone x3  
  182  10:01  Zergling x20  
  182  10:06  Queen  
  190  10:15  Overlord  
  190  10:16  Grooved Spines  
  190  10:21  Drone x5  
  190  10:27  Zergling x14  
  198  10:44  Hatchery  
  198  10:48  Hatchery  
  194  10:51  Zergling x10  
  194  10:53  Overlord  
Tags
 
Add a new tag
Caveats
  • Supply blocks, unpowered buildings, or Contaminate may cause inaccurate times.
  • Supply counts are checked every 10 seconds.